| TOP OF THE 1ST |
|
Daytona Beach Islanders batting - Pitching for Fort Myers Palms : LHP Mel Estrada
|
|
Pitching: LHP Mel Estrada
|
|
|
Batting: SHB Michael Frierson
|
0-0: Called Strike 0-1: Ball 1-1: Ball 2-1: Ball 3-1: Base on Balls
|
|
Batting: RHB Kalvin Adams
|
0-0: Ball 1-0: SINGLE (Groundball, 56D, EV 101.9 MPH) Michael Frierson to second
|
|
Batting: RHB Randy Kutcher
|
0-0: Foul Ball, location: 2F 0-1: Foul Ball, location: 2F 0-2: SINGLE (Line Drive, 89S, EV 102.5 MPH) Michael Frierson to third Kalvin Adams to second Runner from 3rd tries for Home, SAFE, throw by RF to home
|
|
Batting: SHB Randle Granger
|
0-0: Swinging Strike 0-1: Ball 1-1: Foul Ball, location: 2F 1-2: Fielders Choice at 2nd, 3-6 (Groundball, 34, EV 79.4 MPH) Kalvin Adams to third
|
|
Batting: RHB Columbus Duncan
|
0-0: Ball 1-0: Foul Ball, location: 2F 1-1: Ball 2-1: Ball 3-1: Called Strike 3-2: Base on Balls Randle Granger to second
|
|
Batting: RHB Michael Lavery
|
0-0: Called Strike 0-1: Called Strike 0-2: Strikes out swinging
|
|
Batting: RHB Steven Roberts
|
0-0: Foul Ball, location: 2F 0-1: Ball 1-1: Swinging Strike 1-2: Strikes out swinging
|
| Top of the 1st over - 1 run, 2 hits, 0 errors, 3 left on base; Daytona Beach 1 - Fort Myers 0 |
| BOTTOM OF THE 1ST |
|
Fort Myers Palms batting - Pitching for Daytona Beach Islanders : RHP Steven Christison
|
|
Pitching: RHP Steven Christison
|
|
|
Batting: SHB Porter Wyatt
|
0-0: Foul Ball, location: 2F 0-1: Called Strike 0-2: Foul Ball, location: 2F 0-2: Ball 1-2: Ball 2-2: Foul Ball, location: 2F 2-2: Foul Ball, location: 2F 2-2: Foul Ball, location: 2F 2-2: Strikes out swinging
|
|
Batting: RHB Johnny Evans
|
0-0: Ball 1-0: SOLO HOME RUN (Flyball, 7LD, EV 108.1 MPH), Distance : 371 ft
|
|
Batting: LHB Gus Burgess
|
0-0: Called Strike 0-1: Called Strike 0-2: SINGLE (Line Drive, 6MD, EV 93.8 MPH)
|
|
Batting: LHB James Atkinson
|
0-0: Ball 1-0: Ball 2-0: Called Strike 2-1: Ball 3-1: SINGLE (Line Drive, 8LS, EV 91.9 MPH) Gus Burgess to second Runner from 2nd tries for 3rd, SAFE, throw by CF made to third
|
|
Batting: RHB Lindon Duncan
|
0-0: Called Strike 0-1: Ball 1-1: Ball 2-1: SINGLE (Line Drive, 56D, EV 97.5 MPH) Gus Burgess scores James Atkinson to second
|
|
Batting: RHB Matt Sinatro
|
0-0: Ball James Atkinson is caught stealing 3rd base 2-5 Lindon Duncan to second 1-0: Ball 2-0: Ball 3-0: Called Strike 3-1: Fly out, F8 (Flyball, 8RS, EV 72.5 MPH)
|
| Bottom of the 1st over - 2 runs, 4 hits, 0 errors, 1 left on base; Daytona Beach 1 - Fort Myers 2 |
| TOP OF THE 2ND |
|
Daytona Beach Islanders batting - Pitching for Fort Myers Palms : LHP Mel Estrada
|
|
Batting: RHB Jeffrey Coker
|
0-0: Foul Ball, location: 2F 0-1: SINGLE (Groundball, 34D, EV 106.9 MPH)
|
|
Batting: RHB Robert Whitfield
|
0-0: Foul Ball, location: 2F 0-1: Swinging Strike 0-2: Ball 1-2: Ball 2-2: Strikes out swinging
|
|
Batting: SHB Michael Frierson
|
0-0: Swinging Strike 0-1: Ball 1-1: SINGLE (Groundball, 5S, EV 71.3 MPH) (infield hit) Jeffrey Coker to second
|
|
Batting: RHB Kalvin Adams
|
0-0: Ball 1-0: Ball 2-0: Fly out, F7 (Flyball, 7LS, EV 82.5 MPH)
|
|
Batting: RHB Randy Kutcher
|
0-0: Ball 1-0: Ball 2-0: Called Strike 2-1: Ball 3-1: Called Strike 3-2: Foul Ball, location: 2F 3-2: Base on Balls Jeffrey Coker to third Michael Frierson to second
|
|
Batting: SHB Randle Granger
|
0-0: Ball 1-0: Called Strike 1-1: Reached via error on a dropped throw from SS, E4 (Groundball, 6, EV 90.6 MPH) Jeffrey Coker scores Michael Frierson to third Randy Kutcher to second
|
|
Batting: RHB Columbus Duncan
|
0-0: SINGLE (Flyball, 7LS, EV 97.5 MPH) Michael Frierson scores Randy Kutcher to third Randle Granger to second Runner from 3rd tries for Home, SAFE, throw by LF to home
|
|
Batting: RHB Michael Lavery
|
0-0: Ball 1-0: Called Strike 1-1: Fielders Choice at 2nd, 6-4 (Groundball, 6, EV 80.6 MPH)
|
| Top of the 2nd over - 3 runs, 3 hits, 1 error, 2 left on base; Daytona Beach 4 - Fort Myers 2 |
| BOTTOM OF THE 2ND |
|
Fort Myers Palms batting - Pitching for Daytona Beach Islanders : RHP Steven Christison
|
|
Batting: RHB Carl Nichols
|
0-0: Fly out, F4 (Popup, 4S, EV 76.9 MPH)
|
|
Batting: RHB Jim Bishop
|
0-0: Foul Ball, location: 2F 0-1: Ball 1-1: Ball 2-1: Foul Ball, location: 2F 2-2: Ball 3-2: Base on Balls
|
|
Batting: RHB Paul Fryer
|
0-0: Called Strike 0-1: Ball 1-1: Ball 2-1: Ball 3-1: Foul Ball, location: 2F 3-2: Strikes out swinging
|
|
Batting: SHB Porter Wyatt
|
0-0: Ball 1-0: Called Strike 1-1: Called Strike 1-2: Foul Ball, location: 2F 1-2: Ball 2-2: Ball 3-2: Base on Balls Jim Bishop to second
|
|
Batting: RHB Johnny Evans
|
0-0: Ball 1-0: Ball 2-0: Foul Ball, location: 2F 2-1: Ball 3-1: Ground out 3-1 (Groundball, 34, EV 98.8 MPH)
|
| Bottom of the 2nd over - 0 runs, 0 hits, 0 errors, 2 left on base; Daytona Beach 4 - Fort Myers 2 |
| TOP OF THE 3RD |
|
Daytona Beach Islanders batting - Pitching for Fort Myers Palms : LHP Mel Estrada
|
|
Batting: RHB Steven Roberts
|
0-0: Ball 1-0: Ground out 5-3 (Groundball, 56S, EV 68.8 MPH)
|
|
Batting: RHB Jeffrey Coker
|
0-0: Called Strike 0-1: Fly out, F8 (Flyball, 8RM, EV 91.3 MPH)
|
|
Batting: RHB Robert Whitfield
|
0-0: Swinging Strike 0-1: Ball 1-1: Ball 2-1: Ground out 5-3 (Groundball, 56S, EV 90.0 MPH)
|
| Top of the 3rd over - 0 runs, 0 hits, 0 errors, 0 left on base; Daytona Beach 4 - Fort Myers 2 |
| BOTTOM OF THE 3RD |
|
Fort Myers Palms batting - Pitching for Daytona Beach Islanders : RHP Steven Christison
|
|
Batting: LHB Gus Burgess
|
0-0: Foul Ball, location: 2F 0-1: Ground out 6-3 (Groundball, 6, EV 91.3 MPH)
|
|
Batting: LHB James Atkinson
|
0-0: Fly out, F8 (Flyball, 89D, EV 98.8 MPH)
|
|
Batting: RHB Lindon Duncan
|
0-0: Ball 1-0: Ball 2-0: Called Strike 2-1: Called Strike 2-2: Ball 3-2: Foul Ball, location: 2F 3-2: Fly out, F3 (Line Drive, 3, EV 71.9 MPH)
|
| Bottom of the 3rd over - 0 runs, 0 hits, 0 errors, 0 left on base; Daytona Beach 4 - Fort Myers 2 |
| TOP OF THE 4TH |
|
Daytona Beach Islanders batting - Pitching for Fort Myers Palms : LHP Mel Estrada
|
|
Batting: SHB Michael Frierson
|
0-0: DOUBLE (Flyball, 89D, EV 101.3 MPH)
|
|
Batting: RHB Kalvin Adams
|
0-0: Foul Ball, location: 2F 0-1: Ball 1-1: Ball 2-1: Reached on error, E6 (Groundball, 6, EV 108.8 MPH) Michael Frierson scores
|
|
Pitching: RHP Steve Dunnegan
|
|
|
Batting: RHB Randy Kutcher
|
0-0: Ball 1-0: Ball 2-0: Foul Ball, location: 2F 2-1: Foul Ball, location: 2F 2-2: Strikes out swinging
|
|
Batting: SHB Randle Granger
|
0-0: Ball 1-0: SINGLE (Flyball, 6MD, EV 86.3 MPH) Kalvin Adams to third
|
|
Batting: RHB Columbus Duncan
|
0-0: Called Strike 0-1: Called Strike 0-2: Ball 1-2: 3-RUN HOME RUN (Flyball, 78XD, EV 92.5 MPH), Distance : 455 ft
|
|
Batting: RHB Michael Lavery
|
0-0: Ball 1-0: Called Strike 1-1: Ball 2-1: Swinging Strike 2-2: Strikes out swinging
|
|
Batting: RHB Steven Roberts
|
0-0: Swinging Strike 0-1: Foul Ball, location: 2F 0-2: Foul Ball, location: 2F 0-2: Ball 1-2: Ball 2-2: Ground out 3-1 (Groundball, 34, EV 84.4 MPH)
|
| Top of the 4th over - 4 runs, 3 hits, 1 error, 0 left on base; Daytona Beach 8 - Fort Myers 2 |
| BOTTOM OF THE 4TH |
|
Fort Myers Palms batting - Pitching for Daytona Beach Islanders : RHP Steven Christison
|
|
Batting: RHB Matt Sinatro
|
0-0: Called Strike 0-1: Foul Ball, location: 2F 0-2: SINGLE (Groundball, 4MD, EV 95.6 MPH)
|
|
Batting: RHB Carl Nichols
|
0-0: Called Strike 0-1: Foul Ball, location: 2F 0-2: Ball 1-2: Foul Ball, location: 2F 1-2: Ball 2-2: Foul Ball, location: 2F 2-2: Grounds into double play, 6-4-3 (Groundball, 6M, EV 82.5 MPH)
|
|
Batting: RHB Jim Bishop
|
0-0: Ball 1-0: Foul Ball, location: 2F 1-1: Foul Ball, location: 2F 1-2: Foul Ball, location: 2F 1-2: Ball 2-2: SINGLE (Groundball, 4D, EV 98.1 MPH)
|
|
Batting: RHB Paul Fryer
|
0-0: Foul Ball, location: 2F 0-1: Reached on error, E6 (Groundball, 6M, EV 83.1 MPH) Jim Bishop to second
|
|
Batting: SHB Porter Wyatt
|
0-0: Foul Ball, location: 2F 0-1: Ball 1-1: Foul Ball, location: 2F 1-2: Ground out 5-3 (Groundball, 5S, EV 90.0 MPH)
|
| Bottom of the 4th over - 0 runs, 2 hits, 1 error, 2 left on base; Daytona Beach 8 - Fort Myers 2 |
| TOP OF THE 5TH |
|
Daytona Beach Islanders batting - Pitching for Fort Myers Palms : RHP Steve Dunnegan
|
|
Batting: RHB Jeffrey Coker
|
0-0: Called Strike 0-1: SINGLE (Groundball, 4MD, EV 103.8 MPH)
|
|
Batting: RHB Robert Whitfield
|
0-0: Called Strike 0-1: Ball 1-1: Called Strike 1-2: Strikes out swinging
|
|
Batting: SHB Michael Frierson
|
0-0: Ball 1-0: Foul Ball, location: 2F 1-1: Ball 2-1: Foul Ball, location: 2F 2-2: Ball 3-2: Base on Balls Jeffrey Coker to second
|
|
Batting: RHB Kalvin Adams
|
0-0: Grounds into double play, 5-4-3 (Groundball, 56, EV 101.9 MPH)
|
| Top of the 5th over - 0 runs, 1 hit, 0 errors, 1 left on base; Daytona Beach 8 - Fort Myers 2 |
| BOTTOM OF THE 5TH |
|
Fort Myers Palms batting - Pitching for Daytona Beach Islanders : RHP Steven Christison
|
|
Batting: RHB Johnny Evans
|
0-0: Ground out 4-3 (Groundball, 4, EV 85.6 MPH)
|
|
Batting: LHB Gus Burgess
|
0-0: Called Strike 0-1: Ball 1-1: Swinging Strike 1-2: Ground out 4-3 (Groundball, 4, EV 88.8 MPH)
|
|
Batting: LHB James Atkinson
|
0-0: Called Strike 0-1: Ball 1-1: Ball 2-1: Foul Ball, location: 2F 2-2: Foul Ball, location: 2F 2-2: Foul Ball, location: 2F 2-2: Ground out U3 (Groundball, 3, EV 76.3 MPH)
|
| Bottom of the 5th over - 0 runs, 0 hits, 0 errors, 0 left on base; Daytona Beach 8 - Fort Myers 2 |
| TOP OF THE 6TH |
|
Daytona Beach Islanders batting - Pitching for Fort Myers Palms : RHP Steve Dunnegan
|
|
Batting: RHB Randy Kutcher
|
0-0: Ball 1-0: Foul Ball, location: 2F 1-1: Ball 2-1: Foul Ball, location: 2F 2-2: Fly out, F7 (Flyball, 7, EV 77.5 MPH)
|
|
Batting: SHB Randle Granger
|
0-0: Called Strike 0-1: Ball 1-1: Ground out U3 (Groundball, 34S, EV 89.4 MPH)
|
|
Batting: RHB Columbus Duncan
|
0-0: Called Strike 0-1: Ball 1-1: Ball 2-1: Ball 3-1: Base on Balls
|
|
Batting: RHB Michael Lavery
|
0-0: Ball 1-0: Called Strike 1-1: Foul Ball, location: 2F 1-2: SINGLE (Groundball, 5S, EV 58.1 MPH) (infield hit) Columbus Duncan to second
|
|
Batting: RHB Steven Roberts
|
0-0: Foul Ball, location: 2F 0-1: Foul Ball, location: 2F 0-2: Foul Ball, location: 2F 0-2: Strikes out looking
|
| Top of the 6th over - 0 runs, 1 hit, 0 errors, 2 left on base; Daytona Beach 8 - Fort Myers 2 |
| BOTTOM OF THE 6TH |
|
Fort Myers Palms batting - Pitching for Daytona Beach Islanders : RHP Steven Christison
|
|
Batting: RHB Lindon Duncan
|
0-0: Swinging Strike 0-1: Ball 1-1: Foul Ball, location: 2F 1-2: Ball 2-2: Ground out 5-3 (Groundball, 56, EV 88.1 MPH)
|
|
Batting: RHB Matt Sinatro
|
0-0: Called Strike 0-1: Called Strike 0-2: Fly out, F9 (Flyball, 9LD, EV 100.6 MPH)
|
|
Batting: RHB Carl Nichols
|
0-0: Called Strike 0-1: Foul Ball, location: 2F 0-2: Hit by Pitch
|
|
Batting: RHB Jim Bishop
|
0-0: Swinging Strike 0-1: Ball 1-1: 2-RUN HOME RUN (Flyball, 7LD, EV 94.4 MPH), Distance : 359 ft
|
|
Batting: RHB Paul Fryer
|
0-0: Swinging Strike 0-1: Ball 1-1: Ball 2-1: Ball 3-1: Base on Balls
|
|
Batting: SHB Porter Wyatt
|
0-0: Called Strike 0-1: SINGLE (Line Drive, 7LS, EV 99.4 MPH) Paul Fryer to second Runner from 2nd tries for 3rd, SAFE, throw by LF made to third
|
|
Batting: RHB Johnny Evans
|
0-0: Foul Ball, location: 2F 0-1: Ball 1-1: Called Strike 1-2: Strikes out swinging
|
| Bottom of the 6th over - 2 runs, 2 hits, 0 errors, 2 left on base; Daytona Beach 8 - Fort Myers 4 |
| TOP OF THE 7TH |
|
Daytona Beach Islanders batting - Pitching for Fort Myers Palms : RHP Steve Dunnegan
|
|
Pitching: LHP Al Heath
|
|
|
Batting: RHB Jeffrey Coker
|
0-0: Called Strike 0-1: Reached via error on a dropped throw from SS, E3 (Groundball, 6, EV 102.5 MPH)
|
|
Batting: RHB Robert Whitfield
|
0-0: Bunt - Flyout to 2L! F2
|
|
Batting: SHB Michael Frierson
|
0-0: Ball 1-0: Foul Ball, location: 2F 1-1: Ball 2-1: Ball 3-1: Called Strike 3-2: Foul Ball, location: 2F 3-2: Strikes out looking
|
|
Batting: RHB Kalvin Adams
|
0-0: Foul Ball, location: 2F 0-1: Ball 1-1: Ball 2-1: Ball 3-1: Foul Ball, location: 2F 3-2: Base on Balls Jeffrey Coker to second
|
|
Batting: RHB Randy Kutcher
|
0-0: Called Strike 0-1: Foul Ball, location: 2F 0-2: Strikes out swinging
|
| Top of the 7th over - 0 runs, 0 hits, 1 error, 2 left on base; Daytona Beach 8 - Fort Myers 4 |
| BOTTOM OF THE 7TH |
|
Fort Myers Palms batting - Pitching for Daytona Beach Islanders : RHP Steven Christison
|
|
Batting: LHB Gus Burgess
|
0-0: Ball 1-0: Ball 2-0: Called Strike 2-1: Ball 3-1: Called Strike 3-2: Fly out, F9 (Flyball, 9S, EV 83.8 MPH)
|
|
Pitching: RHP Thad Troedson
|
|
|
Batting: LHB James Atkinson
|
0-0: Ball 1-0: Ball 2-0: Swinging Strike 2-1: Called Strike 2-2: Ball 3-2: DOUBLE (Line Drive, 89D, EV 100.0 MPH) - OUT at third base trying to stretch hit.
|
|
Batting: RHB Lindon Duncan
|
0-0: Ball 1-0: Fly out, F7 (Flyball, 7, EV 91.9 MPH)
|
| Bottom of the 7th over - 0 runs, 1 hit, 0 errors, 0 left on base; Daytona Beach 8 - Fort Myers 4 |
| TOP OF THE 8TH |
|
Daytona Beach Islanders batting - Pitching for Fort Myers Palms : LHP Al Heath
|
|
Batting: SHB Randle Granger
|
0-0: Called Strike 0-1: Ball 1-1: Foul Ball, location: 2F 1-2: Ball 2-2: Ball 3-2: Ground out 4-3 (Groundball, 4S, EV 85.0 MPH)
|
|
Batting: RHB Columbus Duncan
|
0-0: Swinging Strike 0-1: Swinging Strike 0-2: Strikes out swinging
|
|
Batting: RHB Michael Lavery
|
0-0: Called Strike 0-1: Foul Ball, location: 2F 0-2: Foul Ball, location: 2F 0-2: Ball 1-2: Fly out, F7 (Flyball, 7D, EV 102.5 MPH)
|
| Top of the 8th over - 0 runs, 0 hits, 0 errors, 0 left on base; Daytona Beach 8 - Fort Myers 4 |
| BOTTOM OF THE 8TH |
|
Fort Myers Palms batting - Pitching for Daytona Beach Islanders : RHP Thad Troedson
|
|
Batting: RHB Matt Sinatro
|
0-0: Called Strike 0-1: Ground out 5-3 (Groundball, 56S, EV 73.8 MPH)
|
|
Batting: RHB Carl Nichols
|
0-0: Ball 1-0: Called Strike 1-1: Called Strike 1-2: Foul Ball, location: 2F 1-2: Ball 2-2: Fly out, F7 (Flyball, 7, EV 89.4 MPH)
|
|
Batting: RHB Jim Bishop
|
0-0: Ball 1-0: Ball 2-0: Called Strike 2-1: Ground out 6-3 (Groundball, 6, EV 86.3 MPH)
|
| Bottom of the 8th over - 0 runs, 0 hits, 0 errors, 0 left on base; Daytona Beach 8 - Fort Myers 4 |
| TOP OF THE 9TH |
|
Daytona Beach Islanders batting - Pitching for Fort Myers Palms : LHP Al Heath
|
|
Batting: RHB Steven Roberts
|
0-0: Ball 1-0: SOLO HOME RUN (Flyball, 78XD, EV 103.8 MPH), Distance : 409 ft
|
|
Batting: RHB Jeffrey Coker
|
0-0: Ball 1-0: Swinging Strike 1-1: Foul Ball, location: 2F 1-2: Fly out, F8 (Flyball, 89D, EV 97.5 MPH)
|
|
Batting: RHB Robert Whitfield
|
0-0: Ball 1-0: Swinging Strike 1-1: Ball 2-1: Ball 3-1: Foul Ball, location: 2F 3-2: Foul Ball, location: 2F 3-2: Foul Ball, location: 2F 3-2: Ground out U3 (Groundball, 3S, EV 68.1 MPH)
|
|
Batting: SHB Michael Frierson
|
0-0: Ball 1-0: Called Strike 1-1: Swinging Strike 1-2: Strikes out looking
|
| Top of the 9th over - 1 run, 1 hit, 0 errors, 0 left on base; Daytona Beach 9 - Fort Myers 4 |
| BOTTOM OF THE 9TH |
|
Fort Myers Palms batting - Pitching for Daytona Beach Islanders : RHP Thad Troedson
|
|
Pitching: LHP Richard Ford
|
|
|
Batting: RHB Paul Fryer
|
0-0: Called Strike 0-1: Foul Ball, location: 2F 0-2: Strikes out looking
|
|
Batting: SHB Porter Wyatt
|
0-0: Ball 1-0: Ball 2-0: Ground out 5-3 (Groundball, 56S, EV 62.5 MPH)
|
|
Batting: RHB Johnny Evans
|
0-0: Swinging Strike 0-1: Ball 1-1: Ground out 5-3 (Groundball, 15, EV 79.4 MPH)
|
| Bottom of the 9th over - 0 runs, 0 hits, 0 errors, 0 left on base; Daytona Beach 9 - Fort Myers 4 |
|